 Dungeon Crawl Stone Soup version 0.28.0-49-g6dfe1f597d (webtiles) character file.

Game seed: 14719234069322365301

60 pkoi the Ruffian (level 3, -10/30 HPs)
             Began as a Demigod Gladiator on May 17, 2022.
             Mangled by a gnoll
             ... wielding a +0 flail
              (11 damage)
             ... on level 3 of the Dungeon.
             The game lasted 00:03:05 (3316 turns).

pkoi the Ruffian (Demigod Gladiator)                Turns: 3316, Time: 00:03:06

Health: -10/30     AC:  4    Str: 19    XL:     3   Next: 55%
Magic:  5/5        EV: 12    Int: 10    God:
Gold:   134        SH:  0    Dex: 15    Spells: 2/2 levels left

rFire   . . .      SeeInvis .   p - +1 dagger (protect)
rCold   . . .      Faith    .   (no shield)
rNeg    . . .      Spirit   .   a - +0 leather armour
rPois   .          Reflect  .   b - +0 helmet
rElec   .          Harm     .   f - scarf {+Inv}
rCorr   .          Rampage  .   (no gloves)
Will    .....                   (no boots)
Stlth   ++........              (no amulet)
HPRegen 0.10/turn               (no ring)
MPRegen 0.09/turn               (no ring)

@: no status effects
A: high MP 1, forlorn, divine attributes
a: Evoke Invisibility


You were on level 3 of the Dungeon.
You visited 1 branch of the dungeon, and saw 3 of its levels.

You collected 134 gold pieces.

Inventory:

Hand Weapons
 j - a +0 short sword
 p - a +1 dagger of protection (weapon)
Missiles
 c - 3 throwing nets (quivered)
Armour
 a - a +0 leather armour (worn)
 b - a +0 helmet (worn)
 f - a scarf of invisibility (worn)
Scrolls
 d - a scroll of torment {unknown}
 e - a scroll of acquirement {unknown}
 i - a scroll of amnesia {unknown}
 k - a scroll of teleportation {unknown}
 l - a scroll of fog {unknown}
 m - 2 scrolls of enchant weapon {unknown}
 n - 2 scrolls of enchant armour {unknown}
 o - a scroll of brand weapon {unknown}
Potions
 g - 2 potions of curing {unknown}
 h - a potion of lignification {unknown}


   Skills:
 + Level 2.3 Fighting
 - Level 1.7 Throwing
 - Level 2.6 Dodging
 + Level 1.3 Stealth
 * Level 3.4 Unarmed Combat
 + Level 0.9 Evocations


You had 2 spell levels left.
You didn't know any spells.
Your spell library contained the following spells:

 Spells                   Type           Power      Damage    Failure   Level
 Gell's Gravitas          Tloc           0%         N/A       80%         3
 Lesser Beckoning         Tloc           0%         N/A       80%         3
 Teleport Other           Tloc           0%         N/A       80%         3


Dungeon Overview and Level Annotations

Branches:
Dungeon (3/15)


Innate Abilities, Weirdness & Mutations

You have an increased reservoir of magic. (+10% MP)
You shall have no god before yourself.
Your divine heritage dramatically boosts your attributes as you level up.


Message History

You kill the jackal!
A gnoll comes into view. It is wielding a +0 flail.
Found 8 gold pieces.
The rat misses you.
You see here a jackal corpse.
You hit the rat.
The rat is severely wounded.
The rat barely misses you.
You hit the rat.
You kill the rat!
You hit the gnoll.
The gnoll is lightly wounded.
The gnoll hits you with a +0 flail!
* * * LOW HITPOINT WARNING * * *
You hit the gnoll.
The gnoll is moderately wounded.
The gnoll hits you but does no damage.
You hit the gnoll but do no damage.
The gnoll is moderately wounded.
A gnoll shaman comes into view. It is wielding a +0 club.
The gnoll hits you but does no damage.
You closely miss the gnoll.
The gnoll is moderately wounded.
The gnoll hits you with a +0 flail.
* * * LOW HITPOINT WARNING * * *
You hit the gnoll but do no damage.
The gnoll is moderately wounded.
The gnoll hits you with a +0 flail.
* * * LOW HITPOINT WARNING * * *
Your +1 dagger of protection hums with potential!
p - a +1 dagger of protection (weapon)
The gnoll hits you with a +0 flail.
* * * LOW HITPOINT WARNING * * *
You closely miss the gnoll.
The gnoll is moderately wounded.
The gnoll hits you with a +0 flail.
* * * LOW HITPOINT WARNING * * *
You closely miss the gnoll.
The gnoll is moderately wounded.
The gnoll hits you with a +0 flail!
You die...

#####################
#<...@g......††.....#
#.##############.....
#.# .> $.# #.# .. g
#)# # #.. #[# .#..# #
#.# #.#.#.#
#.########.#.#.#
#.#............#


You could see a gnoll.

Vanquished Creatures
  An adder (D:3)
  A worm (D:2)
  3 dart slugs
  An endoplasm (D:1)
  A giant cockroach (D:3)
  3 goblins
  4 hobgoblins
  A jackal (D:3)
  9 kobolds
  5 ball pythons
  6 bats
  3 frilled lizards
  4 rats
42 creatures vanquished.

Vanquished Creatures (others)
  A fungus (D:1)
1 creature vanquished.

Grand Total: 43 creatures vanquished

Notes
Turn   | Place    | Note
-------+----------+-------------------------------------------
     0 | D:1      | pkoi the Demigod Gladiator began the quest for the Orb.
     0 | D:1      | Reached XP level 1. HP: 17/17 MP: 3/3
   686 | D:1      | Reached skill level 3 in Unarmed Combat
   689 | D:1      | Reached XP level 2. HP: 20/24 MP: 4/4
  1321 | D:2      | Reached skill level 1 in Stealth
  1629 | D:2      | Reached XP level 3. HP: 27/29 MP: 5/5
  2872 | D:3      | Noticed an ice beast
  3315 | D:3      | HP: 1/30 [gnoll/+0 flail (5)]
  3316 | D:3      | Mangled by a gnoll

Illustrated notes

Levels and vault maps discovered:
D:1:      mrwooster_arrival_statue_2, layout_rooms,
          shapermc_ecumenical_altar_mp_urbaneastern
D:2:      layout_basic, nicolae_figureground_sparkle
D:3:      layout_loops_ring, nicolae_overflow_ecumenical_swirl, serial_shops,
          nicolae_shop_hallway_plus

Skill      XL: |  1  2 |
---------------+-------+-----
Fighting       | 2 |  2.3
Unarmed Combat | 3 |  3.4
Stealth        | 1 |  1.3
Throwing       | |  1.7
Dodging        | |  2.6
Evocations     | |  0.9

Action                   || total
-------------------------++-------
Melee: Unarmed           ||   226
       Punch             ||     5
       Dagger            ||     2
 Stab: Sleeping          ||     2
       Distracted        ||     1
Armor: Leather armour    ||    66
Dodge: Dodged            ||   151
